 Dungeon Crawl Stone Soup version 0.29.1-15-g9cfb28693d (webtiles) character file.

Game seed: 10793769391359713632

1404 386 the Shield-Bearer (level 8, -1/60 (67) HPs)
             Began as a Gnoll Fighter on Mar 26, 2023.
             Was a Follower of Cheibriados.
             Slain by a wight
             ... wielding a +5 mace of freezing
              (2 damage)
             ... on level 7 of the Dungeon.
             The game lasted 00:16:20 (5868 turns).

386 the Shield-Bearer (Gnoll Fighter)               Turns: 5868, Time: 00:16:21

HP:   -1/60 (67)    AC: 10    Str: 20    XL:     8   Next: 69%
MP:   13/13         EV: 11    Int:  9    God:    Cheibriados [*.....]
Gold: 419           SH:  6    Dex: 14    Spells: 14/14 levels left

rFire   . . .      SeeInvis .   m - +2 whip (drain)
rCold   . . .      Faith    .   c - +0 buckler
rNeg    . . .      Spirit   .   b - +0 scale mail
rPois   .          Reflect  .   j - +2 hat
rElec   .          Harm     .   (no cloak)
rCorr   +          Rampage  .   (no gloves)
Will    .....                   (no boots)
Stlth   +.........              (no amulet)
HPRegen 0.20/turn               o - ring of resist corrosion
MPRegen 0.13/turn               (no ring)

@: heavily drained, very slow
A: fangs 1, strong nose, distributed training
a: Renounce Religion, Bend Time


You were on level 7 of the Dungeon.
You worshipped Cheibriados.
Cheibriados was aware of your devotion.
You visited 2 branches of the dungeon, and saw 8 of its levels.
You also visited: Ossuary.

You collected 419 gold pieces.

Inventory:

Hand Weapons
 a - a +0 trident
 m - a +2 whip of draining (weapon)
Missiles
 s - 2 atropa-tipped darts (quivered)
Armour
 b - a +0 scale mail (worn)
 c - a +0 buckler (worn)
 j - a +2 hat (worn)
 r - a +2 plate armour of fire resistance
Jewellery
 o - a ring of resist corrosion (left hand)
Wands
 w - a wand of roots (9)
 G - a wand of charming (11)
Scrolls
 f - a scroll of amnesia {unknown}
 h - a scroll of blinking {unknown}
 i - 4 scrolls of identify
 k - 3 scrolls of fear
 n - 2 scrolls of brand weapon
 p - 2 scrolls of poison
 v - 2 scrolls of noise
 x - 2 scrolls of butterflies
 y - a scroll of vulnerability {unknown}
 C - 2 scrolls of silence {unknown}
 E - a scroll of enchant weapon {unknown}
 F - a scroll of immolation {unknown}
 H - a scroll of summoning {unknown}
Potions
 d - 3 potions of might
 e - 3 potions of brilliance
 g - 3 potions of mutation
 l - a potion of resistance {unknown}
 q - a potion of flight {unknown}
 t - 3 potions of attraction {unknown}
 u - 3 potions of curing
 z - a potion of invisibility
 A - 2 potions of cancellation {unknown}
 B - 2 potions of haste
 D - a potion of magic {unknown}
 I - a potion of degeneration {unknown}


   Skills:
 + Level 7.5 Fighting
 + Level 3.6 Short Blades
 + Level 3.6 Long Blades
 + Level 3.6 Axes
 + Level 3.6 Maces & Flails
 + Level 5.9 Polearms
 + Level 3.6 Staves
 + Level 3.6 Ranged Weapons
 + Level 3.6 Throwing
 + Level 7.5 Armour
 + Level 3.6 Dodging
 + Level 3.6 Stealth
 + Level 7.5 Shields
 + Level 3.6 Unarmed Combat
 + Level 3.6 Spellcasting
 + Level 3.0 Conjurations
 + Level 3.0 Hexes
 + Level 3.0 Summonings
 + Level 3.0 Necromancy
 + Level 3.0 Translocations
 + Level 3.0 Transmutations
 + Level 3.0 Fire Magic
 + Level 3.0 Ice Magic
 + Level 3.0 Air Magic
 + Level 3.0 Earth Magic
 + Level 3.0 Poison Magic
 + Level 4.0 Invocations
 + Level 3.6 Evocations


You had 14 spell levels left.
You didn't know any spells.
Your spell library contained the following spells:

 Spells                   Type           Power      Damage    Failure   Level
 Scorch                   Fire           14%        2d5       36%         2
 Gell's Gravitas          Tloc           7%         N/A       61%         3
 Teleport Other           Tloc           7%         N/A       61%         3
 Tukima's Dance           Hex            7%         N/A       61%         3
 Flame Wave               Conj/Fire      7%         2d5       95%         4
 Passage of Golubria      Tloc           7%         N/A       95%         4
 Yara's Violent Unravell  Hex/Tmut       3%         3d4       100%        5
 Dispersal                Tloc           3%         N/A       100%        6
 Summon Cactus Giant      Summ           3%         N/A       100%        6


Dungeon Overview and Level Annotations

Branches:
Dungeon (7/15)             Temple (1/1) D:5         Ossuary (visited)

Altars:
Ashenzari
Cheibriados
Kikubaaqudgha
Nemelex Xobeh
Qazlal
Trog
Vehumet
Wu Jian

Shops:
D:6 **

Annotations:
D:4 2 transporters
D:5 3 runed translucent doors, EarthwalkerPL's ghost, novice MiFi


Innate Abilities, Weirdness & Mutations

You have very sharp teeth.
Your uncanny sense of smell can sniff out nearby items.
Your experience applies equally to all skills.


Message History

The wight is heavily damaged.
You hit the wight but do no damage. You barely miss the wight.
You block the wight's attack.
You hit the wight.
The wight is lightly damaged.
You block the wight's attack.
You hit the wight. Your bite misses the wight.
The wight is moderately damaged.
You block the wight's attack.
You hit the wight but do no damage. Your bite misses the wight.
The wight is moderately damaged.
The wight hits you with a +5 mace of freezing!
You feel drained. The wight freezes you.
You hit the wight.
The wight is moderately damaged.
The wight hits you but does no damage.
You hit the wight but do no damage. You bite the wight, but do no damage.
The wight is moderately damaged.
The wight hits you with a +5 mace of freezing.
You feel drained. The wight freezes you.
You closely miss the wight.
The wight is moderately damaged.
The wight hits you with a +5 mace of freezing.
You feel drained. The wight freezes you.
You closely miss the wight. You bite the wight, but do no damage.
The wight is moderately damaged.
The wight hits you with a +5 mace of freezing!
The wight freezes you.
* * * LOW HITPOINT WARNING * * *
The wight attacks as you move away!
The wight hits you with a +5 mace of freezing.
* * * LOW HITPOINT WARNING * * *
You feel drained. The wight freezes you.
* * * LOW HITPOINT WARNING * * *
You block the wight's attack. The wight attacks as you move away!
The wight completely misses you.
The wight hits you with a +5 mace of freezing!
* * * LOW HITPOINT WARNING * * *
The wight freezes you.
You die...

###.###.##..####..#
......).##..####..##
##.####<##..........
#.###.####..## #.#
#..###.. #.#
#.#.##.#
#.##.###.#># ###.#
##..# ## ##@# ###
##z## #.###.##
#..#z## #.#z## #.#.#
#z#.# #z#.# #.#.#


You could see 3 wights.

Vanquished Creatures
  2 black bears (D:5)
  An ice beast (D:5)
  An ogre (D:4)
  2 centaurs
  A necrophage (D:5)
  3 scorpions
  4 hounds
  3 iguanas
  2 gnoll boudas (D:5)
  8 mummies (Ossuary)
  11 gnolls
  7 adders
  An ufetubus (D:5)
  2 worms
  2 dart slugs (D:1)
  12 orcs
  5 ball pythons
  13 bats
  11 endoplasms
  3 giant cockroaches
  4 hobgoblins
  5 jackals
  2 quokkas (D:3)
  2 frilled lizards (D:3)
  A gnoll zombie (Ossuary)
  6 goblins
  3 hobgoblin zombies (Ossuary)
  10 kobolds
  A kobold zombie (Ossuary)
  3 orc zombies (Ossuary)
  6 rats
137 creatures vanquished.

Notes
Turn   | Place    | Note
-------+----------+-------------------------------------------
     0 | D:1      | 386 the Gnoll Fighter began the quest for the Orb.
     0 | D:1      | Reached XP level 1. HP: 23/23 MP: 1/1
   127 | D:1      | Reached XP level 2. HP: 29/29 MP: 2/2
   441 | D:1      | Reached XP level 3. HP: 34/35 MP: 3/3
   499 | D:1      | Found a faded altar of an unknown god.
   706 | D:1      | Reached skill level 1 in Invocations
   945 | D:2      | Reached skill level 1 in Short Blades
   945 | D:2      | Reached skill level 1 in Long Blades
   945 | D:2      | Reached skill level 1 in Axes
   945 | D:2      | Reached skill level 1 in Maces & Flails
   945 | D:2      | Reached skill level 1 in Staves
   945 | D:2      | Reached skill level 1 in Ranged Weapons
   945 | D:2      | Reached skill level 1 in Throwing
   945 | D:2      | Reached skill level 1 in Dodging
   945 | D:2      | Reached skill level 1 in Stealth
   945 | D:2      | Reached skill level 1 in Unarmed Combat
   945 | D:2      | Reached skill level 1 in Spellcasting
   945 | D:2      | Reached skill level 1 in Evocations
  1175 | D:2      | Reached XP level 4. HP: 41/41 MP: 5/5
  1494 | D:3      | Reached skill level 1 in Conjurations
  1494 | D:3      | Reached skill level 1 in Hexes
  1494 | D:3      | Reached skill level 1 in Summonings
  1494 | D:3      | Reached skill level 1 in Necromancy
  1494 | D:3      | Reached skill level 1 in Translocations
  1494 | D:3      | Reached skill level 1 in Transmutations
  1494 | D:3      | Reached skill level 1 in Fire Magic
  1494 | D:3      | Reached skill level 1 in Ice Magic
  1494 | D:3      | Reached skill level 1 in Air Magic
  1494 | D:3      | Reached skill level 1 in Earth Magic
  1494 | D:3      | Reached skill level 1 in Poison Magic
  2248 | D:4      | Reached XP level 5. HP: 35/47 MP: 7/7
  2539 | D:4      | Reached skill level 5 in Polearms
  2539 | D:4      | Reached XP level 6. HP: 42/53 MP: 8/8
  2881 | D:4      | Found a transporter.
  2925 | D:4      | Found a transporter.
  3041 | D:5      | Entered Level 5 of the Dungeon
  3041 | D:5      | Noticed an ice beast
  3053 | D:5      | Killed an ice beast
  3054 | D:5      | Reached XP level 7. HP: 60/60 MP: 10/10
  3134 | D:5      | Found a sand-covered staircase.
  3179 | Ossuary  | Entered an ossuary
  4420 | D:5      | Found a staircase to the Ecumenical Temple.
  4472 | D:5      | Found a runed translucent gate.
  4472 | D:5      | Found a runed translucent gate.
  4503 | Temple   | Entered the Ecumenical Temple
  4509 | Temple   | Became a worshipper of Cheibriados the Contemplative
  4549 | D:5      | Found a runed translucent gate.
  4550 | D:5      | Noticed EarthwalkerPL's ghost (novice MiFi)
  5026 | D:6      | Reached XP level 8. HP: 67/67 MP: 12/12
  5336 | D:5      | Reached * piety under Cheibriados
  5751 | D:6      | Found Piwk's General Store.
  5757 | D:6      | Found Gyinan's Specific Store.
  5868 | D:7      | HP: 1/60 [wight/+5 mace of freezing (14)]
  5868 | D:7      | Slain by a wight

Illustrated notes

Levels and vault maps discovered:
D:1:      mrwooster_arrival_statue, layout_loops_ring,
          hellmonk_ecumenical_altar_leap_of_faith,
          minmay_misc_feat_more_columns, minmay_misc_feat_alley
D:2:      layout_rooms, kennysheep_generic_room_13
D:3:      layout_basic, feat_on_display
D:4:      gammafunk_steamed_eel, layout_gridville
D:5:      layout_basic, temple_fountains, ebering_ghost_rock_garden,
          nicolae_ossuary_entry_ruins, corexii_item_surrounded_by_moat,
          serial_park_tiny_2, eino_small_chamber_without_monster
D:6:      layout_rooms, mrwooster_statue_mirror, nicolae_specific_store
D:7:      cheibrodos_steamvent, layout_loops_ring, amcnicky_altar_gilded
Temple:   eino_narrow_crystal_temple

Skill      XL: |  1  2  3  4  5  6  7  8 |
---------------+-------------------------+-----
Invocations    | 1 2 3 4 |  4.0
Short Blades   | 1 2 3 |  3.6
Long Blades    | 1 2 3 |  3.6
Axes           | 1 2 3 |  3.6
Maces & Flails | 1 2 3 |  3.6
Staves         | 1 2 3 |  3.6
Ranged Weapons | 1 2 3 |  3.6
Throwing       | 1 2 3 |  3.6
Dodging        | 1 2 3 |  3.6
Stealth        | 1 2 3 |  3.6
Unarmed Combat | 1 2 3 |  3.6
Spellcasting   | 1 2 3 |  3.6
Evocations     | 1 2 3 |  3.6
Conjurations   | 1 2 3 |  3.0
Hexes          | 1 2 3 |  3.0
Summonings     | 1 2 3 |  3.0
Necromancy     | 1 2 3 |  3.0
Translocations | 1 2 3 |  3.0
Transmutations | 1 2 3 |  3.0
Fire Magic     | 1 2 3 |  3.0
Ice Magic      | 1 2 3 |  3.0
Air Magic      | 1 2 3 |  3.0
Earth Magic    | 1 2 3 |  3.0
Poison Magic   | 1 2 3 |  3.0
Polearms       | 5 |  5.9
Fighting       | 7 |  7.5
Armour         | 7 |  7.5
Shields        | 7 |  7.5

Action                   |  1- 3 |  4- 6 |  7- 9 || total
-------------------------+-------+-------+-------++-------
Melee: Trident           |    29 |       |       ||    29
       Bite              |     4 |    15 |    51 ||    70
       Whip              |    66 |   174 |   288 ||   528
  Use: Scroll            |       |       |     9 ||     9
       Potion            |       |       |     1 ||     1
Armor: Scale mail        |    39 |    61 |   147 ||   247
Dodge: Dodged            |    41 |    65 |   165 ||   271
Block: Buckler           |    29 |    50 |   114 ||   193
